 Dungeon Crawl Stone Soup version 0.14-a0-2746-g43b4f9c (webtiles) character file.

226 Psiweapon the Skirmisher (level 5, -4/36 HPs)
             Began as a Gargoyle Fighter on Feb 23, 2014.
             Slain by a gnoll
             ... wielding a +0,+0 halberd
              (14 damage)
             ... on Level 3 of the Dungeon.
             The game lasted 00:08:26 (1926 turns).

Psiweapon the Skirmisher (Gargoyle Fighter)         Turns: 1926, Time: 00:08:26

HP  -4/36        AC 10     Str 20      XL: 5   Next:  1%
MP   5/5         EV  6     Int  9      God:
Gold 109         SH 18     Dex  9      Spells:  0 memorised,  4 levels left

rFire  . . .     SeeInvis .     a - +0 mace
rCold  . . .     Clarity  .     b - +0 scale mail
rNeg   + . .     Conserve .     c - +0 shield
rPois  +         rCorr    .     (no helmet)
rElec  +         rRot     +     (no cloak)
SustAb . .       Spirit   .     (no gloves)
rMut   .         Warding  .     (no boots)
Saprov . . .     Stasis   .     (no amulet)
MR     .....                    (no ring)
                                (no ring)

@: not resistant to hostile enchantments, extremely unstealthy
A: life protection 1, electricity resistance, unbreathing, petrification
resistance, AC +4
a: no special abilities


You were on level 3 of the Dungeon.
You were hungry.

You visited 1 branch of the dungeon, and saw 3 of its levels.

You collected 109 gold pieces.

Inventory:

Hand weapons
 a - a +0,+0 mace (weapon)
Armour
 b - a +0 scale mail (worn)
 c - a +0 shield (worn)
Comestibles
 d - 2 bread rations
 f - a pear
 t - 2 rotting chunks of hobgoblin flesh
 v - a rotting chunk of giant newt flesh
 w - a rotting chunk of bat flesh
Scrolls
 g - a scroll of curse armour {unknown}
 j - 2 scrolls of fear {unknown}
 k - a scroll of teleportation {unknown}
 l - 2 scrolls of identify {unknown}
 m - 2 scrolls of remove curse {unknown}
 n - a scroll of blinking {unknown}
 p - a scroll of curse jewellery {unknown}
 r - 3 scrolls of magic mapping {unknown}
 x - a scroll of random uselessness {unknown}
 y - a scroll of fog {unknown}
Jewellery
 o - an uncursed ring of sustenance {unknown}
Potions
 e - 3 potions of curing
 h - 2 potions of brilliance {unknown}
 i - a potion of cure mutation {unknown}
 q - a potion of lignification {unknown}
 s - a potion of heal wounds {unknown}
 u - 2 potions of degeneration {unknown}
 z - a potion of poison {unknown}


   Skills:
 + Level 6.0 Fighting
 - Level 2.1 Maces & Flails
 - Level 3.2 Armour
 - Level 3.2 Shields


You had 4 spell levels left.
You didn't know any spells.

Dungeon Overview and Level Annotations

Branches:
Dungeon (3/16)

Altars:

Annotations:
D:2 3 exclusions


Innate Abilities, Weirdness & Mutations

You are resistant to torment.
You are immune to poison.
Your stone body is very resilient (AC +4).
You resist negative energy.
You are resistant to electric shocks.
You can survive without breathing.
You are immune to petrification.


Message History

The gnoll picks up a halberd.
The gnoll wields a halberd.
You hit the gnoll.
The gnoll is heavily wounded.
You block the gnoll's attack. The gnoll hits you with a halberd.
* * * LOW HITPOINT WARNING * * *
You closely miss the gnoll.
The gnoll is heavily wounded.
The gnoll hits you with a halberd.
* * * LOW HITPOINT WARNING * * *
You closely miss the gnoll.
The gnoll is heavily wounded.
The gnoll hits you with a halberd.
* * * LOW HITPOINT WARNING * * *
You completely miss the gnoll.
The gnoll is heavily wounded.
The gnoll hits you but does no damage.
A giant gecko comes into view.
Drink which item? (? for menu, Esc to quit)
You feel better.
It was a potion of curing.
The gnoll hits you with a halberd!
You die...

# . . #######. ##### #.......
#...# #.....<. ############
#...# #.......
#..........######...# #.......
..........lgg@......# #.......
#......%...######...# #.......
#....?.....######...###.......
.<.............................
#..........###.##...###.......
####.####### #.##...# ########
#. #.###.## . #.# #.# #
#.###.#######


You could see 2 gnolls and a giant gecko.

Vanquished Creatures
  3 adders
  2 gnolls (D:3)
  2 worms (D:3)
  2 giant geckos
  2 oozes
  An orc (D:3)
  3 bats
  5 goblins
  6 hobgoblins
  3 jackals (D:3)
  2 quokkas (D:2)
  2 giant cockroaches (D:2)
  7 giant newts
  6 kobolds
  12 rats
58 creatures vanquished.

Notes
Turn   | Place    | Note
--------------------------------------------------------------
     0 | D:1      | Psiweapon, the Gargoyle Fighter, began the quest for the Orb.
     0 | D:1      | Reached XP level 1. HP: 14/14 MP: 1/1
   290 | D:1      | Reached XP level 2. HP: 20/20 MP: 2/2
   302 | D:1      | Reached skill level 4 in Fighting
   949 | D:2      | Reached XP level 3. HP: 20/24 MP: 3/3
  1305 | D:2      | Reached skill level 5 in Fighting
  1462 | D:2      | Reached XP level 4. HP: 27/31 MP: 4/4
  1920 | D:3      | Reached skill level 6 in Fighting
  1920 | D:3      | Reached XP level 5. HP: 12/36 MP: 5/5
  1926 | D:3      | Slain by a gnoll

Action                   |  1- 3 |  4- 6 || total
-------------------------+-------+-------++-------
Melee: Mace              |   122 |    85 ||   207
  Use: Potion            |       |     1 ||     1
